 Dungeon Sprint DCSS version 0.19.5 (webtiles) character file.

74 Groucho the Shield-Bearer (level 4, -2/39 HPs)
             Began as a Formicid Fighter on Apr 24, 2017.
             Was an Initiate of Makhleb.
             Slain by a hill giant
             ... wielding a +0 giant club
              (12 damage)
             ... in the Dungeon (Sprint IX: "|||||||||||||||||||||||||||||").
             The game lasted 00:01:37 (333 turns).

Groucho the Shield-Bearer (Formicid Fighter)         Turns: 333, Time: 00:01:37

Health: -2/39      AC: 15    Str: 21    XL:     4   Next: 54%
Magic:  4/4        EV:  6    Int:  8    God:    Makhleb [......]
Gold:   0          SH: 10    Dex: 13    Spells: 0 memorised, 3 levels left

rFire  . . .     SeeInvis +     o - +2 halberd (venom)
rCold  . . .     Gourm    .     r - +1 chain mail
rNeg   . . .     Faith    .     c - +0 shield
rPois  .         Spirit   .     (helmet unavailable)
rElec  .         Reflect  .     p - +0 cloak
rCorr  .         Harm     .     q - +0 pair of gloves
MR     .....                    (no boots)
Stlth  ..........               (no amulet)
                                b - +3 ring of dexterity
                                a - +2 ring of protection

@: no status effects
A: permanent stasis, dig shafts and tunnels, four strong arms, antennae 3
a: Dig, Renounce Religion


You were in the Dungeon.
You worshipped Makhleb.
Makhleb was noncommittal.
You were not hungry.

You visited 1 branch

Inventory:

Hand Weapons
 o - a +2 halberd of venom (weapon)
Armour
 c - a +0 shield (worn)
 p - a +0 cloak (worn)
 q - a +0 pair of gloves (worn)
 r - a +1 chain mail (worn)
Jewellery
 a - a +2 ring of protection (left hand)
 b - a +3 ring of dexterity (right hand)
Wands
 n - a wand of iceblast (7/15)
Scrolls
 k - 2 scrolls of blinking
 l - 3 scrolls of remove curse
 m - 2 scrolls of amnesia
Potions
 d - a potion of invisibility
 e - a potion of heal wounds
 g - 4 potions of curing
 h - a potion of haste
 i - 4 potions of magic
 j - a potion of berserk rage
Comestibles
 f - a bread ration


   Skills:
 + Level 5.4 Fighting
 + Level 4.4 Polearms
 + Level 5.4 Armour
 + Level 6.0 Shields


You had 3 spell levels left.
You didn't know any spells.

Dungeon Overview and Level Annotations

Branches:
Dungeon (1/1)

Altars:
Cheibriados
Dithmenos
Elyvilon
Fedhas
Gozag
Hepliaklqana
Kikubaaqudgha
Makhleb
Nemelex Xobeh
Okawaru
Qazlal
Ru
Sif Muna
Trog
Uskayaw
Vehumet
Xom
Yredelemnul
Zin
The Shining One
Beogh
Jiyva
Lugonu


Innate Abilities, Weirdness & Mutations

You are under a permanent stasis effect.
You can dig through walls and to a lower floor.
Your four strong arms can wield two-handed weapons with a shield.
You have a pair of large antennae on your head. (SInv)


Message History

The hill giant is severely wounded.
The hill giant hits you with a giant club!
* * * LOW HITPOINT WARNING * * *
You feel much better.
You hit the hill giant but do no damage.
The hill giant looks as sick as possible!
The hill giant is severely wounded.
The orc wizard casts a spell.
The orc wizard blinks!
The hill giant hits you with a giant club!!
Ouch! That really hurt!
* * * LOW HITPOINT WARNING * * *
Unknown command.
You are too injured to fight recklessly!
Unknown command.
Unknown command.
You slash the hill giant!
The hill giant is almost dead.
The hill giant hits you with a giant club!
You die... ▓▓▓▓▓▓▓▓▓▓▓▓▓▓▓▓▓▓▓▓▓▓▓▓ .ChocFC@.[..)|..'.______ ▓▓▓▓▓▓▓▓▓▓▓▓▓▓▓▓▓▓▓▓▓▓▓▓ { { {{{{{{ {{{{{{{

You could see 2 hill giants, a black bear, a bullfrog, a centaur and an orc wizard.

Vanquished Creatures
  A crimson imp (D)
  A worker ant (D)
  An adder (D)
  A leopard gecko (D)
  3 bats (D)
  A giant cockroach (D)
  A quokka (D)
  A kobold (D)
10 creatures vanquished.

Vanquished Creatures (others)
  A spatial maelstrom (D)
1 creature vanquished.

Grand Total: 11 creatures vanquished

Notes
Turn   | Place    | Note
-------+----------+-------------------------------------------
     0 | D        | Groucho the Formicid Fighter began the quest for the Orb.
     0 | D        | Reached XP level 1. HP: 18/18 MP: 1/1
     3 | D        | Banished a spatial maelstrom
    10 | D        | Reached skill level 4 in Shields
   148 | D        | Noticed a worker ant
   148 | D        | Noticed a crimson imp
   158 | D        | Reached XP level 2. HP: 19/25 MP: 2/2
   182 | D        | Reached skill level 5 in Shields
   182 | D        | Reached XP level 3. HP: 5/32 MP: 3/3
   191 | D        | Reached skill level 5 in Fighting
   191 | D        | Reached skill level 5 in Armour
   191 | D        | Reached skill level 6 in Shields
   191 | D        | Reached XP level 4. HP: 33/39 MP: 4/4
   242 | D        | Found a roughly hewn altar of Beogh.
   242 | D        | Found a snail-covered altar of Cheibriados.
   242 | D        | Found a shadowy altar of Dithmenos.
   242 | D        | Found a white marble altar of Elyvilon.
   242 | D        | Found a blossoming altar of Fedhas.
   242 | D        | Found an opulent altar of Gozag.
   243 | D        | Found a hazy altar of Hepliaklqana.
   244 | D        | Found a viscous altar of Jiyva.
   245 | D        | Found an ancient bone altar of Kikubaaqudgha.
   246 | D        | Found a corrupted altar of Lugonu.
   247 | D        | Found a burning altar of Makhleb.
   248 | D        | Found a sparkling altar of Nemelex Xobeh.
   249 | D        | Found an iron altar of Okawaru.
   250 | D        | Found a stormy altar of Qazlal.
   251 | D        | Found a sacrificial altar of Ru.
   252 | D        | Found a deep blue altar of Sif Muna.
   253 | D        | Found a bloodstained altar of Trog.
   254 | D        | Found a hide-covered altar of Uskayaw.
   255 | D        | Found a radiant altar of Vehumet.
   256 | D        | Found a shimmering altar of Xom.
   257 | D        | Found a basalt altar of Yredelemnul.
   258 | D        | Found a glowing silver altar of Zin.
   259 | D        | Found a glowing golden altar of the Shining One.
   265 | D        | Became a worshipper of Makhleb the Destroyer
   324 | D        | Noticed a hill giant
   324 | D        | Noticed a black bear
   324 | D        | Noticed a centaur
   324 | D        | Noticed a hill giant
   324 | D        | Noticed a bullfrog
   333 | D        | Slain by a hill giant

Skill      XL: |  1  2  3 |
---------------+----------+-----
Shields        | 4 5 6 |  6.0
Armour         | 4 5 |  5.4
Fighting       | 4 5 |  5.4
Polearms       | 3 4 |  4.4

Action                   |  1- 3 |  4- 6 || total
-------------------------+-------+-------++-------
Melee: Trident           |    55 |       ||    55
       Halberd           |       |     8 ||     8
  Use: Potion            |     3 |     1 ||     4
Armor: Scale mail        |    28 |       ||    28
Dodge: Dodged            |    18 |     2 ||    20
Block: Shield            |    37 |     1 ||    38
